 Dungeon Crawl Stone Soup version 0.28.0 (webtiles) character file.

Game seed: 17373956610205156507

50355 SnakkuSnakku7 the Eclecticist (level 14, -3/107 HPs)
             Began as a Djinni Gladiator on Feb 10, 2022.
             Was a Priest of Jiyva.
             Slain by a four-headed hydra (9 damage)
             ... on level 12 of the Dungeon.
             The game lasted 00:44:07 (29788 turns).

SnakkuSnakku7 the Eclecticist (Djinni Gladiator)   Turns: 29788, Time: 00:44:08

Health: -3/107     AC: 17    Str: 13    XL:     14   Next: 97%
Gold:   959        EV: 15    Int: 27    God:    Jiyva [***...] SH:  5 Dex: 16

rFire   + + .      SeeInvis +   a - +7 rapier of Acro {chaos, Int+7}
rCold   . . .      Faith    .   C - +0 buckler
rNeg    . . .      Spirit   .   u - +4 ring mail {rC+}
rPois   ∞          Reflect  .   c - +2 helmet
rElec   .          Harm     .   q - +1 cloak
rCorr   +          Rampage  .   D - +2 pair of gloves
Will    +....                   (boots unavailable)
Stlth   +.........              K - amulet of regeneration
HPRegen 2.19/turn               y - ring of see invisible
MPRegen 0.00/turn               i - +6 ring of intelligence

@: flying, studying Bows
A: sickness immunity, fire resistance 2, cold vulnerability 1, float, innate
caster, HP casting, extra vitality 1
a: Renounce Religion, Oozemancy


You were on level 12 of the Dungeon.
You worshipped Jiyva.
Jiyva was most pleased with you.
You visited 3 branches of the dungeon, and saw 19 of its levels.

You collected 959 gold pieces.

Inventory:

Hand Weapons
 a - the +7 rapier of Acro (weapon) {chaos, Int+7}
   (You found it on level 2 of the Lair of Beasts)

   Each time it hits an enemy it has a different, random effect.
   Int:       It affects your intelligence (+7).
 b - a +2 spear of venom
Missiles
 d - 2 throwing nets
 e - 2 javelins
 k - 7 curare-tipped darts
 l - 25 poisoned darts
Armour
 c - a +2 helmet (worn)
 j - a +0 kite shield
 q - a +1 cloak (worn)
 u - a +4 ring mail of cold resistance (worn)
 C - a +0 buckler (worn)
 D - a +2 pair of gloves (worn)
Jewellery
 i - a +6 ring of intelligence (right hand)
 y - a ring of see invisible (left hand)
 K - an amulet of regeneration (around neck)
Wands
 o - a wand of flame (5)
 p - a wand of mindburst (7)
 w - a wand of iceblast (23)
 J - a wand of digging (3)
Scrolls
 f - 2 scrolls of immolation
 g - 2 scrolls of summoning
 v - 3 scrolls of brand weapon
 x - 2 scrolls of identify
 G - 2 scrolls of fog
 I - a scroll of holy word
Potions
 h - a potion of berserk rage
 m - 3 potions of mutation
 r - 5 potions of curing
 t - 3 potions of might
 A - 2 potions of haste
 E - 2 potions of brilliance
 F - 3 potions of attraction
 H - 2 potions of ambrosia
 M - a potion of lignification
Miscellaneous
 B - a condenser vane (inert)


   Skills:
 - Level 12.0 Fighting
 - Level 4.5 Staves
 - Level 1.5 Throwing
 + Level 2.0 Armour
 - Level 10.0 Dodging
 - Level 5.0 Shields
 - Level 15.0 Spellcasting


You had 24 spell levels left.
You knew the following spells:

 Your Spells              Type           Power      Damage    Failure   Level
a - Freeze                Ice            100%       1d11      0%          1
b - Scorch                Fire           100%       2d10      1%          2
c - Call Canine Familiar  Summ           79%        N/A       1%          3
d - Ice Form              Ice/Tmut       79%        N/A       1%          4
e - Airstrike             Air            39%        N/A       1%          4
f - Alistair's Intoxicat  Tmut/Pois      52%        N/A       1%          5
Your spell library was empty.

Dungeon Overview and Level Annotations

Branches:
Dungeon (12/15)            Temple (1/1) D:6            Lair (6/6) D:8
 Shoals (0/4) Lair:4        Snake (0/4) Lair:4        Slime (0/5) Lair:5
    Orc (0/2) D:9

Altars:
Ashenzari
Cheibriados
Fedhas
Gozag
Hepliaklqana
Kikubaaqudgha
Makhleb
Nemelex Xobeh
Okawaru
Qazlal
Ru
Sif Muna
Vehumet
Wu Jian
Yredelemnul
Zin
The Shining One
Jiyva


Innate Abilities, Weirdness & Mutations

You are immune to sickness and miasma.
You are immune to poison.
Your flesh is very heat resistant. (rF++)
You are vulnerable to cold. (rC-)
You float through the air rather than walking.
You learn spells naturally, not from books.
Your magical power is your life essence.
You have superior vitality. (+4 MHP)


Message History

The four-headed hydra bites you. The four-headed hydra bites you!
The four-headed hydra completely misses you.
Unknown command.
You hear a distant slurping noise.
Okay, then.
Aiming: Airstrike (safe; 1% risk of failure)
Press: ? - help, Q - select action, (/) - cycle Dir - move target, f/p - four-headed hydra
Aim: a four-headed hydra (lightly wounded, empty space bonus: 7/8)
The air twists around and strikes the four-headed hydra!!
The four-headed hydra is heavily wounded.
You block the four-headed hydra's attack.
The four-headed hydra misses you. x2
The four-headed hydra bites you but does no damage.
Unknown command.
Aiming: Airstrike (safe; 1% risk of failure)
Press: ? - help, Q - select action, (/) - cycle Dir - move target, f/p - four-headed hydra
Aim: a four-headed hydra (heavily wounded, empty space bonus: 6/8)
The air twists around and strikes the four-headed hydra!!
The four-headed hydra is severely wounded.
The four-headed hydra bites you but does no damage.
The four-headed hydra completely misses you.
The four-headed hydra bites you!
The four-headed hydra barely misses you.
Unknown command.
Aiming: Airstrike (safe; 1% risk of failure)
Press: ? - help, Q - select action, (/) - cycle Dir - move target, f/p - four-headed hydra
Aim: a four-headed hydra (severely wounded, empty space bonus: 6/8)
The air twists around and strikes the four-headed hydra!!
The four-headed hydra is almost dead.
* * * LOW HITPOINT WARNING * * *
The gargoyle hurls a stone arrow at you.
The stone arrow hits you!
* * * LOW HITPOINT WARNING * * *
You hear a distant slurping noise.
You block the four-headed hydra's attack.
The four-headed hydra bites you but does no damage.
The four-headed hydra bites you!
* * * LOW HITPOINT WARNING * * *
The four-headed hydra bites you!
You die...

..........###
............#########.
#####+#####......)).......
+.........#.......).######
#.........#.........# .#
#....^....#.........# .#
#.....)...#.........# ..###
#.........#......9..######.....
#.........#.....@D..†☼§).......
#.........#........####°.####..
#(........#........####..###
#....<..###......####......#
#.......#..>.....# #9.....#
#.......'......####..........#
######+##......# #..........#
.............# ....##..##..()
+#...........##.... #..# ..[$


You could see a four-headed hydra and a gargoyle.

Vanquished Creatures
  Gastronok (D:10)
  A fire dragon (Lair:6)
  9 hydras
  A rakshasa (D:12)
  3 two-headed ogres
  Nergalle (Lair:2)
  2 lindwurms
  A deep elf pyromancer (D:12)
  A cyclops (D:11)
  6 elephants
  6 black mambas
  11 cane toads
  2 molten gargoyles (Lair:6)
  An unseen horror (D:12)
  8 komodo dragons
  3 trolls
  A queen bee (D:8)
  A meliai (D:12)
  3 polar bears
  28 blink frogs
  3 slime creatures
  7 dream sheep (Lair:5)
  Grinder (D:3)
  A shadow (D:8)
  Sigmund (D:3)
  A vampire (D:11)
  A wraith (D:12)
  3 wyverns (Lair:6)
  10 basilisks
  Grum (D:11)
  46 yaks
  4 steam dragons
  A vampire mosquito (D:12)
  3 nagas (Lair:4)
  4 acid dragons
  15 water moccasins
  4 hell hounds
  Duvessa (D:5)
  2 sky beasts (D:5)
  8 orc warriors
  A black bear (D:5)
  2 ice beasts
  A necrophage (D:8)
  21 wolves
  3 ogres
  3 centaurs
  Blork the orc (D:5)
  2 kobold brigands (D:8)
  A gnoll sergeant (D:6)
  14 bullfrogs
  2 scorpions
  A wyvern zombie (D:7)
  Dowan (D:5)
  7 killer bees (D:8)
  9 wights
  An electric eel (Lair:3)
  A vampire bat (Lair:3)
  6 howler monkeys
  5 centaur zombies
  5 lava snakes (Lair:6)
  A bullfrog skeleton (D:7)
  3 hounds
  4 orc priests
  A centaur skeleton (D:4)
  2 gnoll shamans
  An iguana (D:6)
  Crazy Yiuf (D:5)
  Terence (D:3)
  13 orc wizards
  A howler monkey zombie (D:5)
  11 adders
  20 gnolls
  A shadow imp (D:6)
  2 white imps (D:5)
  A worm (D:2)
  2 dart slugs (D:1)
  29 orcs
  7 endoplasms
  5 giant cockroaches
  7 goblins
  6 hobgoblins
  6 jackals
  2 quokkas
  12 ball pythons
  20 bats
  A frilled lizard (D:2)
  20 kobolds
  7 rats
481 creatures vanquished.

Vanquished Creatures (others)
  A water moccasin (Lair:6)
  28 jellies
  A howler monkey (D:11)
  48 fungi
  77 plants
155 creatures vanquished.

Grand Total: 636 creatures vanquished

Notes
Turn   | Place    | Note
-------+----------+-------------------------------------------
     0 | D:1      | SnakkuSnakku7 the Djinni Gladiator began the quest for the
                  | Orb.
     0 | D:1      | Reached XP level 1. HP: 18/18 MP: 0/0
    34 | D:1      | Reached XP level 2. HP: 15/23 MP: 0/0
   244 | D:1      | Reached XP level 3. HP: 28/28 MP: 0/0
   244 | D:1      | Learned a level 1 spell: Freeze
   792 | D:1      | Found a faded altar of an unknown god.
  1040 | D:2      | Reached XP level 4. HP: 30/33 MP: 0/0
  1329 | D:2      | HP: 1/33 [gnoll (6)]
  2196 | D:2      | Reached skill level 1 in Spellcasting
  2196 | D:2      | Reached XP level 5. HP: 11/38 MP: 0/0
  2196 | D:2      | Learned a level 2 spell: Scorch
  2800 | D:3      | Noticed Grinder
  2897 | D:4      | Noticed an ogre
  2913 | D:4      | Killed an ogre
  2914 | D:4      | Reached skill level 2 in Spellcasting
  2914 | D:4      | Reached XP level 6. HP: 14/43 MP: 0/0
  3205 | D:4      | Reached skill level 3 in Spellcasting
  3896 | D:3      | Killed Grinder
  3897 | D:3      | Reached skill level 4 in Spellcasting
  3897 | D:3      | Reached XP level 7. HP: 19/49 MP: 0/0
  3897 | D:3      | Learned a level 3 spell: Call Canine Familiar
  4349 | D:3      | Noticed Sigmund
  4833 | D:3      | Killed Sigmund
  4834 | D:3      | Reached skill level 5 in Spellcasting
  4879 | D:3      | Noticed Terence
  4895 | D:3      | Reached XP level 8. HP: 47/54 MP: 0/0
  4902 | D:3      | Killed Terence
  5287 | D:5      | Entered Level 5 of the Dungeon
  5385 | D:5      | Reached skill level 6 in Spellcasting
  5657 | D:5      | Noticed Blork the orc
  5670 | D:5      | Killed Blork the orc
  5911 | D:5      | Reached skill level 7 in Spellcasting
  6223 | D:5      | Reached XP level 9. HP: 58/58 MP: 0/0
  6223 | D:5      | Learned a level 4 spell: Ice Form
  6235 | D:5      | Found a runed translucent door.
  6236 | D:5      | Noticed Crazy Yiuf
  6297 | D:5      | Noticed Duvessa
  6297 | D:5      | Noticed Dowan
  6335 | D:5      | Killed Duvessa
  6650 | D:5      | Reached skill level 8 in Spellcasting
  6660 | D:5      | Killed Dowan
  6957 | D:5      | Killed Crazy Yiuf
  7464 | D:6      | Reached skill level 9 in Spellcasting
  7831 | D:6      | Found a staircase to the Ecumenical Temple.
  8582 | D:7      | Found an iron altar of Okawaru.
  8635 | D:7      | Reached XP level 10. HP: 13/64 MP: 0/0
  9761 | Temple   | Entered the Ecumenical Temple
 10043 | D:8      | Noticed a two-headed ogre
 10045 | D:8      | Reached skill level 10 in Spellcasting
 10088 | D:8      | Killed a two-headed ogre
 10089 | D:8      | Reached skill level 5 in Fighting
 11163 | D:8      | Found a staircase to the Lair.
 11459 | D:8      | Reached XP level 11. HP: 35/81 MP: 0/0
 11459 | D:8      | Learned a level 4 spell: Airstrike
 13590 | D:7      | Reached skill level 11 in Spellcasting
 14158 | D:9      | Noticed a two-headed ogre
 14646 | D:9      | Killed a two-headed ogre
 15045 | D:9      | Found a staircase to the Orcish Mines.
 15097 | D:10     | Entered Level 10 of the Dungeon
 16165 | D:10     | Noticed Gastronok
 16313 | D:10     | Killed Gastronok
 16314 | D:10     | Reached skill level 12 in Spellcasting
 16662 | D:10     | Reached XP level 12. HP: 35/86 MP: 0/0
 17104 | Lair:1   | Entered Level 1 of the Lair of Beasts
 17758 | Lair:1   | Noticed a seven-headed hydra
 17792 | Lair:1   | Killed a seven-headed hydra
 17805 | Lair:1   | Reached skill level 13 in Spellcasting
 18507 | Lair:1   | Noticed an eight-headed hydra
 18512 | Lair:1   | Killed an eight-headed hydra
 19666 | Lair:2   | Noticed a four-headed hydra
 19672 | Lair:2   | Killed a four-headed hydra
 19673 | Lair:2   | Reached skill level 14 in Spellcasting
 19745 | Lair:1   | Reached XP level 13. HP: 41/92 MP: 0/0
 19745 | Lair:1   | Learned a level 5 spell: Alistair's Intoxication
 21558 | Lair:2   | Identified the +7 rapier of Acro {chaos, Int+7}
 21586 | Lair:2   | Noticed Nergalle
 21606 | Lair:2   | Killed Nergalle
 22296 | Lair:2   | Reached skill level 15 in Spellcasting
 22630 | Lair:3   | Reached skill level 1 in Shields
 22688 | Lair:3   | Noticed a seven-headed hydra
 22693 | Lair:3   | Killed a seven-headed hydra
 24181 | Lair:3   | Reached skill level 5 in Shields
 25207 | Lair:4   | Reached skill level 5 in Dodging
 25364 | Lair:4   | Found a staircase to the Shoals.
 25629 | Lair:4   | Found a staircase to the Snake Pit.
 25720 | Lair:4   | Noticed a four-headed hydra
 25736 | Lair:4   | Killed a four-headed hydra
 26375 | Lair:5   | Reached XP level 14. HP: 90/98 MP: 0/0
 26909 | Lair:5   | Found a staircase to the Slime Pits.
 26910 | Lair:5   | Found a viscous altar of Jiyva.
 27157 | Lair:5   | Became a worshipper of Jiyva Jofisapt the Shapeless
 27180 | Lair:6   | Entered Level 6 of the Lair of Beasts
 27233 | Lair:6   | Reached skill level 10 in Dodging
 27560 | Lair:6   | Reached * piety under Jiyva
 27939 | Lair:5   | Reached skill level 10 in Fighting
 28445 | Lair:6   | Found a large runed translucent door.
 28445 | Lair:6   | Found a large runed translucent door.
 29271 | D:11     | Reached ** piety under Jiyva
 29315 | D:11     | Noticed Grum
 29325 | D:11     | Killed Grum
 29685 | D:12     | Reached *** piety under Jiyva
 29765 | D:12     | Reached skill level 1 in Armour
 29788 | D:12     | Slain by a four-headed hydra

Illustrated notes

Levels and vault maps discovered:
D:1:      lightli_arrival_boilingwater, layout_basic, basic_ecumenical_altar,
          serial_bayou, serial_bayou_pond_d, serial_bayou_pond_d,
          serial_bayou_pond_e, serial_bayou_ford_a, serial_bayou_shore_b
D:2:      layout_basic, grunt_decor_junction
D:3:      kennysheep_six_static_rooms, layout_loops_ring, uniq_terence,
          uniq_sigmund, uniq_grinder
D:4:      layout_cave_pools
D:5:      minmay_angry_zag, layout_rooms, minmay_manual_macuahuitl,
          uniq_duvessa, uniq_blork_the_orc, uniq_crazy_yiuf_cottage
D:6:      layout_basic, minmay_temple_entry_from_below_b
D:7:      layout_basic, okawaru_ov_weapons_minmay
D:8:      layout_loops_ring, dpeg_oklobed_lair, nicolae_looking_at_the_future
D:9:      layout_rooms, david_orc_3, nrook_loot_triangle
D:10:     layout_basic, uniq_gastronok
D:11:     layout_cave_pools, uniq_grum
D:12:     minmay_bloctagon, layout_irregular_city
Temple:   regret_index_temple_sigil_plot
Lair:1:   layout_cave_pods, grunt_megastairs_2
Lair:2:   layout_misc_corridors, uniq_nergalle
Lair:3:   layout_regular_city, roderic_batcave, infiniplex_staircase_pool_2,
          serial_bayou_shore_a
Lair:4:   layout_layer_cave, shoals_dummy_entry,
          minmay_snake_entry_guardpost_medium
Lair:5:   layout_layer_cave, slime_altar_1, grunt_megastairs_3,
          lemuel_fruit_tree
Lair:6:   cheibrodos_lair_end_hotspot, layout_cave_pods, serial_bayou_crossing

Skill      XL: |  1  2  3  4  5  6  7  8  9 10 11 12 13 14 |
---------------+-------------------------------------------+-----
Staves         | 3 4 |  4.5
Spellcasting   | 1 2 4 5 7 9 10 12 14 15 | 15.0
Fighting       | 8 12 | 12.0
Shields        | 5 |  5.0
Dodging        | 8 10 | 10.0
Armour         | 2 |  2.0
Throwing       | |  1.5

Action                   |  1- 3 |  4- 6 |  7- 9 | 10-12 | 13-15 || total
-------------------------+-------+-------+-------+-------+-------++-------
Melee: Quarterstaff      |    98 |   192 |    14 |       |       ||   304
       Spear             |       |       |   364 |   622 |   647 ||  1633
       Punch             |       |       |     4 |     7 |       ||    11
       Rapier            |       |       |       |       |    83 ||    83
Throw: Dart              |       |     8 |       |    30 |       ||    38
       Throwing net      |       |     1 |       |     2 |       ||     3
 Cast: Scorch            |       |     2 |    14 |   107 |    26 ||   149
       Airstrike         |       |       |       |    10 |   265 ||   275
Evoke: Wand              |       |     2 |     5 |    13 |     4 ||    24
       Condenser vane    |       |       |       |     1 |     2 ||     3
  Use: Scroll            |       |       |    13 |    10 |    11 ||    34
       Potion            |       |       |     1 |     2 |     7 ||    10
 Stab: Sleeping          |       |     2 |       |       |       ||     2
       Distracted        |       |       |     1 |       |       ||     1
       Confused          |       |       |       |       |     1 ||     1
       Invisible         |       |       |       |       |     1 ||     1
Armor: Leather armour    |    31 |    60 |     3 |       |       ||    94
       Ring mail         |       |       |   154 |   314 |   442 ||   910
Dodge: Dodged            |    63 |   112 |   221 |   381 |   645 ||  1422
Block: Buckler           |       |       |       |    43 |   257 ||   300
